IL
SYRACUSE CHIEFS @ LOUISVILLE BATS
04/05/2048
 
TOP OF THE 1ST
Syracuse Chiefs batting - Pitching for Louisville Bats : RHP Sam Alexander
Pitching: RHP Sam Alexander
Batting: RHB Rafael Medina 0-0: Ball
1-0: Ball
2-0: Called Strike
2-1: Ground out 1-3 (Groundball, 13S, EV 71.9 MPH)
Batting: LHB Kyung-jin Cho 0-0: Called Strike
0-1: Swinging Strike
0-2: Ball
1-2: Ball
2-2: Strikes out swinging
Batting: RHB Antonio Laurel 0-0: Swinging Strike
0-1: Called Strike
0-2: Strikes out swinging
Top of the 1st over - 0 runs, 0 hits, 0 errors, 0 left on base; Syracuse 0 - Louisville 0
BOTTOM OF THE 1ST
Louisville Bats batting - Pitching for Syracuse Chiefs : RHP Chris Wood
Pitching: RHP Chris Wood
Batting: RHB Ryan Short 0-0: Called Strike
0-1: SINGLE (Groundball, 6MD, EV 101.9 MPH)
Batting: LHB Satoru Handa 0-0: Called Strike
0-1: Foul Ball, location: 2F
0-2: Ball
1-2: Ball
2-2: Ball
3-2: Foul Ball, location: 2F
3-2: DOUBLE (Line Drive, 78D, EV 105.0 MPH)
Ryan Short to third
Ryan Short scores
Batting: RHB Bruno André 0-0: Called Strike
0-1: Hit by Pitch
Batting: SHB Freddie Farrar 0-0: Ball
1-0: Fly out, F8 (Flyball, 8LXD, EV 109.4 MPH)
Runner from 2nd tags up, SAFE at 3rd, no throw by CF
Batting: RHB Danny Real 0-0: Grounds into double play, 1-6-3 (Groundball, 13S, EV 66.9 MPH)
Bottom of the 1st over - 1 run, 2 hits, 0 errors, 1 left on base; Syracuse 0 - Louisville 1
TOP OF THE 2ND
Syracuse Chiefs batting - Pitching for Louisville Bats : RHP Sam Alexander
Batting: LHB Alexis Cantu 0-0: Swinging Strike
0-1: Foul Ball, location: 2F
0-2: Foul Ball, location: 2F
0-2: Foul Ball, location: 2F
0-2: Ball
1-2: Ball
2-2: Foul Ball, location: 2F
2-2: Ball
3-2: Strikes out swinging
Batting: RHB Kevin Whitenack 0-0: Foul Ball, location: 2F
0-1: Foul Ball, location: 2F
0-2: Ball
1-2: Ball
2-2: Foul Ball, location: 2F
2-2: Foul Ball, location: 2F
2-2: Foul Ball, location: 2F
2-2: Foul Ball, location: 2F
2-2: Foul Ball, location: 2F
2-2: Foul Ball, location: 2F
2-2: Ball
3-2: Foul Ball, location: 2F
3-2: Reached on error, E5 (Groundball, 56, EV 78.8 MPH)
Batting: LHB Doug Anderson 0-0: Called Strike
0-1: Ground out 4-3 (Groundball, 4, EV 89.4 MPH)
Kevin Whitenack to third
Batting: RHB Steve Perez 0-0: Foul Ball, location: 2F
0-1: Hit by Pitch
Batting: LHB Evan Oliveri 0-0: SINGLE (Groundball, 4D, EV 94.4 MPH)
Kevin Whitenack scores
Steve Perez to second
Runner from 2nd tries for 3rd, OUT! 9-5
Top of the 2nd over - 1 run, 1 hit, 1 error, 1 left on base; Syracuse 1 - Louisville 1
BOTTOM OF THE 2ND
Louisville Bats batting - Pitching for Syracuse Chiefs : RHP Chris Wood
Batting: RHB Won-jun Park 0-0: Ball
1-0: Ground out 6-3 (Groundball, 6, EV 80.0 MPH)
Batting: RHB Pedro Pinero 0-0: Called Strike
0-1: Foul Ball, location: 2F
0-2: Foul Ball, location: 2F
0-2: Ball
1-2: Strikes out swinging
Batting: RHB Colin Lord 0-0: Called Strike
0-1: Ball
1-1: Swinging Strike
1-2: Strikes out swinging
Bottom of the 2nd over - 0 runs, 0 hits, 0 errors, 0 left on base; Syracuse 1 - Louisville 1
TOP OF THE 3RD
Syracuse Chiefs batting - Pitching for Louisville Bats : RHP Sam Alexander
Batting: RHB Gabe Almazan 0-0: Fly out, F8 (Line Drive, 8RS, EV 88.8 MPH)
Batting: RHB Rafael Medina 0-0: Ball
1-0: Ground out 6-3 (Groundball, P, EV 89.4 MPH)
Batting: LHB Kyung-jin Cho 0-0: Ball
1-0: Swinging Strike
1-1: Ground out U3 (Groundball, 3, EV 86.9 MPH)
Top of the 3rd over - 0 runs, 0 hits, 0 errors, 0 left on base; Syracuse 1 - Louisville 1
BOTTOM OF THE 3RD
Louisville Bats batting - Pitching for Syracuse Chiefs : RHP Chris Wood
Batting: RHB Matt Silva 0-0: Ground out 3-1 (Groundball, 34, EV 108.8 MPH)
Batting: RHB Ryan Short 0-0: Called Strike
0-1: SINGLE (Groundball, 23, EV 76.2 MPH) (infield hit)
Batting: LHB Satoru Handa 0-0: Ball
1-0: Grounds into double play, 6-4-3 (Groundball, 6, EV 85.0 MPH)
Bottom of the 3rd over - 0 runs, 1 hit, 0 errors, 0 left on base; Syracuse 1 - Louisville 1
TOP OF THE 4TH
Syracuse Chiefs batting - Pitching for Louisville Bats : RHP Sam Alexander
Batting: RHB Antonio Laurel 0-0: Ball
1-0: Ball
2-0: Ball
3-0: Base on Balls
Batting: LHB Alexis Cantu 0-0: Ball
1-0: Foul Ball, location: 2F
1-1: Ball
2-1: SINGLE (Flyball, 3D, EV 85.6 MPH)
Antonio Laurel to second
Batting: RHB Kevin Whitenack 0-0: Ball
1-0: Called Strike
1-1: Ball
2-1: Fly out, F8 (Flyball, 8RM, EV 75.0 MPH)
Batting: LHB Doug Anderson 0-0: Ball
1-0: Called Strike
1-1: Foul Ball, location: 2F
1-2: Ball
2-2: Strikes out looking
Batting: RHB Steve Perez 0-0: Called Strike
0-1: Ball
1-1: Called Strike
1-2: Ball
2-2: Fielders Choice at 2nd, 6-4 (Groundball, 6, EV 86.9 MPH)
Top of the 4th over - 0 runs, 1 hit, 0 errors, 2 left on base; Syracuse 1 - Louisville 1
BOTTOM OF THE 4TH
Louisville Bats batting - Pitching for Syracuse Chiefs : RHP Chris Wood
Batting: RHB Bruno André 0-0: Called Strike
0-1: Ball
1-1: Ball
2-1: Ground out 6-3 (Groundball, 56D, EV 83.1 MPH)
Batting: SHB Freddie Farrar 0-0: SINGLE (Groundball, 6D, EV 100.0 MPH)
Batting: RHB Danny Real 0-0: Ball
1-0: SINGLE (Groundball, 4D, EV 103.1 MPH)
Freddie Farrar to second
Runner from 2nd tries for 3rd, SAFE, throw by RF made to third
Danny Real to second
Batting: RHB Won-jun Park 0-0: Ball
1-0: Foul Ball, location: 2F
1-1: Ball
2-1: Foul Ball, location: 2F
2-2: SINGLE (Groundball, 6M, EV 95.6 MPH)
Freddie Farrar scores
Danny Real to third
Runner from 3rd tries for Home, SAFE, throw by CF to home
Batting: RHB Pedro Pinero 0-0: Called Strike
0-1: Ball
1-1: Ball
2-1: Ball
Passed Ball!
Won-jun Park to second
3-1: Foul Ball, location: 2F
3-2: SINGLE (Groundball, 6MD, EV 97.5 MPH)
Won-jun Park to third
Batting: RHB Colin Lord 0-0: Swinging Strike
0-1: Swinging Strike
0-2: Strikes out swinging
Batting: RHB Matt Silva 0-0: Ball
1-0: Swinging Strike
1-1: Ball
2-1: Fielders Choice at 2nd, 6-4 (Groundball, 6, EV 109.4 MPH)
Bottom of the 4th over - 2 runs, 4 hits, 0 errors, 2 left on base; Syracuse 1 - Louisville 3
TOP OF THE 5TH
Syracuse Chiefs batting - Pitching for Louisville Bats : RHP Sam Alexander
Batting: LHB Evan Oliveri 0-0: Ball
1-0: Foul Ball, location: 2F
1-1: Foul Ball, location: 2F
1-2: Hit by Pitch
Batting: RHB Gabe Almazan Balk!
Evan Oliveri to second
0-0: Called Strike
0-1: Fly out, F8 (Flyball, 8RD, EV 100.6 MPH)
Batting: RHB Rafael Medina 0-0: Ball
1-0: Fly out, F9 (Flyball, 9D, EV 102.5 MPH)
Runner from 2nd tags up, SAFE at 3rd, no throw by RF
Batting: LHB Kyung-jin Cho 0-0: Called Strike
0-1: Ball
1-1: Called Strike
1-2: Strikes out swinging
Top of the 5th over - 0 runs, 0 hits, 0 errors, 1 left on base; Syracuse 1 - Louisville 3
BOTTOM OF THE 5TH
Louisville Bats batting - Pitching for Syracuse Chiefs : RHP Chris Wood
Batting: RHB Ryan Short 0-0: Ball
1-0: Called Strike
1-1: Ball
2-1: Called Strike
2-2: Ball
3-2: SINGLE (Flyball, 8RM, EV 93.1 MPH)
Batting: LHB Satoru Handa 0-0: Ball
1-0: Fly out, F7 (Flyball, 7, EV 92.5 MPH)
Batting: RHB Bruno André 0-0: Ball
1-0: SINGLE (Popup, 4D, EV 71.9 MPH)
Ryan Short to second
Batting: SHB Freddie Farrar 0-0: Foul Ball, location: 2F
0-1: Ball
1-1: Ball
2-1: Ball
3-1: Foul Ball, location: 2F
3-2: Foul Ball, location: 2F
3-2: Base on Balls
Ryan Short to third
Bruno André to second
Batting: RHB Danny Real 0-0: Called Strike
0-1: Ball
1-1: Ball
2-1: SINGLE (Flyball, 8LS, EV 93.1 MPH)
Ryan Short scores
Bruno André to third
Freddie Farrar to second
Batting: RHB Won-jun Park 0-0: Ball
1-0: Swinging Strike
1-1: Ball
2-1: Foul Ball, location: 2F
2-2: Strikes out swinging
Batting: RHB Pedro Pinero 0-0: Called Strike
0-1: Ball
1-1: Ball
2-1: Ball
3-1: Base on Balls
Bruno André scores
Freddie Farrar to third
Danny Real to second
Pitching: RHP Jose Barreras
Batting: RHB Colin Lord 0-0: Ground out 3-1 (Groundball, 34, EV 101.9 MPH)
Bottom of the 5th over - 2 runs, 3 hits, 0 errors, 3 left on base; Syracuse 1 - Louisville 5
TOP OF THE 6TH
Syracuse Chiefs batting - Pitching for Louisville Bats : RHP Sam Alexander
Batting: RHB Antonio Laurel 0-0: Ground out 6-3 (Groundball, P, EV 82.5 MPH)
Batting: LHB Alexis Cantu 0-0: Foul Ball, location: 2F
0-1: Foul Ball, location: 2F
0-2: Ball
1-2: Strikes out looking
Batting: RHB Kevin Whitenack 0-0: Ball
1-0: Ball
2-0: Fly out, F4 (Popup, 23, EV 86.9 MPH)
Top of the 6th over - 0 runs, 0 hits, 0 errors, 0 left on base; Syracuse 1 - Louisville 5
BOTTOM OF THE 6TH
Louisville Bats batting - Pitching for Syracuse Chiefs : RHP Jose Barreras
Batting: RHB Matt Silva 0-0: Fly out, F5 (Popup, 5F, EV 62.5 MPH)
Batting: RHB Ryan Short 0-0: Swinging Strike
0-1: SINGLE (Groundball, P, EV 84.4 MPH) (infield hit)
Batting: LHB Satoru Handa 0-0: Ball
Ryan Short is caught stealing 2nd base 2-6
1-0: Ball
2-0: Ball
3-0: Base on Balls
Batting: RHB Bruno André 0-0: Ball
Wild Pitch!
Satoru Handa to second
1-0: Ball
2-0: Ball
3-0: Called Strike
3-1: Base on Balls
Batting: SHB Freddie Farrar 0-0: Foul Ball, location: 2F
0-1: Foul Ball, location: 2F
0-2: Ball
1-2: Ball
2-2: Ball
3-2: Foul Ball, location: 2F
3-2: Base on Balls
Satoru Handa to third
Bruno André to second
Batting: RHB Danny Real 0-0: Called Strike
0-1: Called Strike
0-2: Fielders Choice at 2nd, 5-4 (Groundball, 5L, EV 80.0 MPH)
Bottom of the 6th over - 0 runs, 1 hit, 0 errors, 3 left on base; Syracuse 1 - Louisville 5
TOP OF THE 7TH
Syracuse Chiefs batting - Pitching for Louisville Bats : RHP Sam Alexander
Batting: LHB Doug Anderson 0-0: Fly out, F4 (Line Drive, 4, EV 68.8 MPH)
Batting: RHB Steve Perez 0-0: Ball
1-0: Foul Ball, location: 2F
1-1: Reached on error, E6 (Groundball, 6, EV 81.9 MPH)
Batting: LHB Evan Oliveri 0-0: Called Strike
0-1: Ball
1-1: Called Strike
1-2: Strikes out swinging
Batting: RHB Gabe Almazan 0-0: Foul Ball, location: 2F
0-1: SINGLE (Line Drive, 7S, EV 98.1 MPH)
Steve Perez to second
Batting: RHB Rafael Medina 0-0: Called Strike
0-1: Called Strike
0-2: Ball
1-2: Foul Ball, location: 2F
1-2: Foul Ball, location: 2F
1-2: Ball
2-2: Strikes out swinging
Top of the 7th over - 0 runs, 1 hit, 1 error, 2 left on base; Syracuse 1 - Louisville 5
BOTTOM OF THE 7TH
Louisville Bats batting - Pitching for Syracuse Chiefs : RHP Jose Barreras
Pitching: RHP Ruben Nevarel
Batting: RHB Won-jun Park 0-0: Called Strike
0-1: Called Strike
0-2: Foul Ball, location: 2F
0-2: Ground out 4-3 (Groundball, 4, EV 80.0 MPH)
Batting: RHB Pedro Pinero 0-0: Ball
1-0: Ball
2-0: Ground out 2-3 (Groundball, 13S, EV 68.1 MPH)
Batting: RHB Colin Lord 0-0: Foul Ball, location: 2F
0-1: Swinging Strike
0-2: Ball
1-2: Foul Ball, location: 2F
1-2: Ball
2-2: Ground out 4-3 (Groundball, 4, EV 106.2 MPH)
Bottom of the 7th over - 0 runs, 0 hits, 0 errors, 0 left on base; Syracuse 1 - Louisville 5
TOP OF THE 8TH
Syracuse Chiefs batting - Pitching for Louisville Bats : RHP Sam Alexander
Pitching: RHP Tim Beck
Batting: LHB Kyung-jin Cho 0-0: Ball
1-0: Ball
2-0: Ball
3-0: Base on Balls
Batting: RHB Antonio Laurel 0-0: Called Strike
0-1: Ball
1-1: Foul Ball, location: 2F
1-2: Ball
2-2: Strikes out swinging
Batting: LHB Alexis Cantu 0-0: Ball
1-0: Grounds into double play, 4-6-3 (Groundball, 4, EV 76.2 MPH)
Top of the 8th over - 0 runs, 0 hits, 0 errors, 0 left on base; Syracuse 1 - Louisville 5
BOTTOM OF THE 8TH
Louisville Bats batting - Pitching for Syracuse Chiefs : RHP Ruben Nevarel
Pitching: RHP Stacey Kerssies
Batting: RHB Matt Silva 0-0: Called Strike
0-1: Ball
1-1: Ball
2-1: Swinging Strike
2-2: Strikes out looking
Batting: RHB Ryan Short 0-0: SINGLE (Groundball, 4M, EV 84.4 MPH) (infield hit)
Batting: LHB Satoru Handa 0-0: Ball
1-0: Swinging Strike
1-1: Called Strike
1-2: Ball
2-2: Foul Ball, location: 2F
2-2: Ball
Wild Pitch!
Ryan Short to second
3-2: Foul Ball, location: 2F
3-2: Foul Ball, location: 2F
3-2: Base on Balls
Batting: RHB Bruno André 0-0: Called Strike
0-1: Ball
1-1: Ball
2-1: Foul Ball, location: 2F
2-2: Foul Ball, location: 2F
2-2: Ball
3-2: Strikes out looking
Batting: SHB Freddie Farrar 0-0: Swinging Strike
0-1: Called Strike
0-2: Foul Ball, location: 2F
0-2: Ball
1-2: Strikes out swinging
Bottom of the 8th over - 0 runs, 1 hit, 0 errors, 2 left on base; Syracuse 1 - Louisville 5
TOP OF THE 9TH
Syracuse Chiefs batting - Pitching for Louisville Bats : RHP Tim Beck
Batting: RHB Kevin Whitenack 0-0: Ground out 5-3 (Groundball, 56, EV 105.6 MPH)
Batting: LHB Doug Anderson 0-0: Foul Ball, location: 2F
0-1: Ball
1-1: Ball
2-1: Called Strike
2-2: Strikes out swinging
Batting: RHB Steve Perez 0-0: Ball
1-0: SINGLE (Line Drive, 4M, EV 98.8 MPH)
Batting: LHB Evan Oliveri 0-0: Called Strike
0-1: Swinging Strike
0-2: Foul Ball, location: 2F
0-2: Strikes out swinging
Top of the 9th over - 0 runs, 1 hit, 0 errors, 1 left on base; Syracuse 1 - Louisville 5
Tuesday, March 28th , 2023 - OOTP Baseball 23.10 Build 110